 Dungeon Crawl Stone Soup version 0.31.0-9-g3a7656b989 (webtiles) character file.

Game seed: 16768119064875753147

69 Bnni the Sneak (level 4, -1/27 HPs)
             Began as a Tengu Brigand on Feb 1, 2024.
             Slain by an orc
             ... wielding a +0 club
              (3 damage)
             ... on level 2 of the Dungeon.
             The game lasted 00:01:52 (980 turns).

Bnni the Sneak (Tengu Brigand)                       Turns: 980, Time: 00:01:53

Health: -1/27      AC:  3    Str: 12    XL:     4   Next: 20%
Magic:  5/5        EV: 12    Int: 11    God:
Gold:   70         SH:  0    Dex: 17    Spells: 3/3 levels left

rFire   . . .        a - +2 dagger
rCold   . . .        (no shield)
rNeg    . . .        b - +0 robe
rPois   +            (helmet restricted)
rElec   .            c - +0 cloak
rCorr   .            (no gloves)
SInv    .            (boots unavailable)
Will    .....        (no amulet)
Stlth   +++          o - ring of poison resistance
HPRegen 0.24/turn    (no ring)
MPRegen 0.09/turn

%: acrobat
@: no status effects
A: beak, talons 3, acrobatic
a: no special abilities


You were on level 2 of the Dungeon.
You visited 1 branch of the dungeon, and saw 2 of its levels.

You collected 70 gold pieces.

Inventory:

Hand Weapons
 a - a +2 dagger (weapon)
Missiles
 d - 9 poisoned darts (quivered)
 e - 3 curare-tipped darts
Armour
 b - a +0 robe (worn)
 c - a +0 cloak (worn)
Jewellery
 o - a ring of poison resistance (left hand)
Scrolls
 f - a scroll of immolation {unknown}
 g - 3 scrolls of identify {unknown}
 j - a scroll of revelation {unknown}
 m - a scroll of blinking {unknown}
 n - a scroll of torment {unknown}
 p - a scroll of acquirement {unknown}
Potions
 h - a potion of resistance {unknown}
 i - a potion of curing {unknown}
 k - a potion of brilliance {unknown}
 l - a potion of magic {unknown}


   Skills:
 + Level 2.7 Fighting
 * Level 3.7 Short Blades
 - Level 2.0 Throwing
 - Level 1.1 Dodging
 + Level 4.5 Stealth


You had 3 spell levels left.
You didn't know any spells.
Your spell library contained the following spells:

 Spells                   Type           Power      Damage    Failure   Level
 Lesser Beckoning         Tloc           0%         N/A       47%         2
 Gell's Gravitas          Tloc           0%         N/A       71%         3
 Teleport Other           Tloc           0%         N/A       71%         3


Dungeon Overview and Level Annotations

Branches:
Dungeon (2/15)

Altars:


Innate Abilities, Weirdness & Mutations

You have a beak for a mouth.
You have claws for feet.
You can magically evade attacks while moving or waiting.


Message History

You kill the orc!
The orc completely misses you.
Things that are here:
a +0 hand axe; a rat corpse You hit the orc.
You claw the orc, but do no damage.
The orc is lightly wounded.
The orc barely misses you.
You hit the orc. You claw the orc.
You kill the orc!
You hit the orc priest.
The orc priest is moderately wounded.
The orc priest hits you with a +0 club.
You hit the orc priest. Your kick misses the orc priest.
Your peck misses the orc priest.
The orc priest is heavily wounded.
The orc priest barely misses you.
You hit the orc priest.
The orc priest is severely wounded.
The orc priest barely misses you.
You hit the orc priest. You peck the orc priest.
The orc priest is almost dead.
The orc priest calls down the wrath of Beogh upon you.
Beogh smites you!
Ouch! That really hurt!
You are too injured to fight recklessly!
You are too injured to fight recklessly!
You hit the orc priest.
You kill the orc priest!
You have reached level 4!
You feel stronger.
You hit the orc. You claw the orc, but do no damage.
The orc is moderately wounded.
The orc hits you with a +0 hand axe!
* * * LOW HITPOINT WARNING * * *
Unknown command.
You hit the orc. You claw the orc.
You kill the orc!
Unknown command.
You hit the orc but do no damage. The orc hits you with a +0 club.
You die...

#.#
#...........###.#
#.#
#######.........+
#.# #.#######.#
#.# #.# #.# #.#
#.# #.. #.# #.
... #.# ######+##
...
#.#####........
...
#....@o........
####
#######........
#........
#......).
#?o......
#........
#........
#........
#........


You could see an orc.

Vanquished Creatures
  An orc priest (D:2)
  An adder (D:2)
  3 orcs (D:2)
  3 ball pythons
  4 endoplasms
  A giant cockroach (D:1)
  A goblin (D:1)
  5 hobgoblins
  A kobold (D:1)
  2 rats
22 creatures vanquished.

Notes
Turn   | Place    | Note
-------+----------+-------------------------------------------
     0 | D:1      | Bnni the Tengu Brigand began the quest for the Orb.
     0 | D:1      | Reached XP level 1. HP: 12/12 MP: 2/2
   116 | D:1      | Reached XP level 2. HP: 17/17 MP: 3/3
   704 | D:2      | Reached XP level 3. HP: 8/22 MP: 4/4
   978 | D:2      | Reached XP level 4. HP: 8/27 MP: 5/5
   980 | D:2      | Slain by an orc

Illustrated notes

Levels and vault maps discovered:
D:1:      dpeg_arrival_leaves_temple_mockup, layout_basic
D:2:      layout_basic

Skill      XL: |  1  2 |
---------------+-------+-----
Short Blades   | 3 |  3.7
Fighting       | |  2.7
Throwing       | |  2.0
Dodging        | |  1.1
Stealth        | |  4.5

Action                     |  1- 3 |  4- 6 || total
---------------------------+-------+-------++-------
  Melee: Dagger            |    49 |     3 ||    52
         Kick              |    13 |     2 ||    15
         Peck              |     9 |       ||     9
   Stab: Sleeping          |     5 |       ||     5
 Armour: Robe              |    21 |     2 ||    23
  Dodge: Dodged            |    26 |       ||    26
